 Dungeon Crawl Stone Soup version 0.30-a0-718-geaa24f58ff (webtiles) character file.

Game seed: 6200917008125671504

63 voltaire321 the Insei (level 4, 0/29 HPs)
             Began as an Octopode Transmuter on Jan 25, 2023.
             Slain by an endoplasm (2 damage)
             ... on level 1 of the Dungeon.
             The game lasted 00:02:00 (616 turns).

voltaire321 the Insei (Octopode Transmuter)          Turns: 616, Time: 00:02:01

Health: 0/29       AC: -6    Str:  9    XL:     4   Next: 10%
Magic:  5/7        EV: 13    Int: 21    God:
Gold:   85         SH:  0    Dex: 14    Spells: 4/7 levels left

rFire   . . .      SeeInvis .    b - +0 flail
rCold   . . .      Faith    .    (no shield)
rNeg    . . .      Spirit   .    g - +1 hat
rPois   .          Reflect  .    (no amulet)
rElec   .          Harm     .    e - ring of wizardry
rCorr   .          Rampage  .    f - +6 ring of intelligence
Will    .....                    (no ring)
Stlth   ++                       (no ring)
HPRegen 0.24/turn                (no ring)
MPRegen 0.10/turn                (no ring)
                                 (no ring)
                                 (no ring)

@: corroded
A: almost no armour, amphibious, 8 rings, camouflage 1, gelatinous body 1,
(nimble swimmer 1), tentacles
a: no special abilities


You were on level 1 of the Dungeon.
You visited 1 branch of the dungeon, and saw 1 of its levels.

You collected 85 gold pieces.

Inventory:

Hand Weapons
 b - a +0 flail (weapon)
Armour
 g - a +1 hat (worn)
Jewellery
 e - a ring of wizardry (left tentacle)
 f - a +6 ring of intelligence (right tentacle)
Scrolls
 d - a scroll of teleportation {unknown}
 h - a scroll of amnesia {unknown}
Potions
 a - a potion of lignification
 c - 2 potions of curing {unknown}
 i - a potion of magic {unknown}


   Skills:
 + Level 1.8 Fighting
 + Level 2.5 Dodging
 + Level 3.4 Unarmed Combat
 + Level 2.4 Spellcasting
 + Level 2.6 Transmutations


You had 4 spell levels left.
You knew the following spells:

 Your Spells              Type           Power      Damage    Failure   Level
a - Beastly Appendage     Tmut           26%        N/A       1%          1
b - Wereblood             Tmut           13%        N/A       3%          2

Your spell library contained the following spells:

 Spells                   Type           Power      Damage    Failure   Level
 Spider Form              Tmut/Pois      8%         N/A       11%         3
 Ice Form                 Ice/Tmut       8%         N/A       32%         4


Dungeon Overview and Level Annotations

Branches:
Dungeon (1/15)

Altars:


Innate Abilities, Weirdness & Mutations

You cannot wear most types of armour.
You are amphibious.
You can wear up to eight rings at the same time.
Your skin changes colour to match your surroundings (Stealth+).
Your rubbery body absorbs attacks. (AC +1, EV +1)
((You are camouflaged when in or above water. (Stealth+)))
You have tentacles for arms and can constrict up to eight enemies at once.


Message History

* * * LOW HITPOINT WARNING * * *
The giant cockroach misses you.
You have reached level 4!
You hit the giant cockroach. Your grab misses the giant cockroach.
Your squeeze misses the giant cockroach.
The giant cockroach is heavily wounded.
The jackal bites you.
* * * LOW HITPOINT WARNING * * *
The giant cockroach closely misses you. The jackal misses you.
The giant cockroach completely misses you.
You hit the giant cockroach but do no damage.
Your grab misses the giant cockroach. You squeeze the giant cockroach.
You feel a bit better.
You kill the giant cockroach!
The jackal bites you.
* * * LOW HITPOINT WARNING * * *
The jackal bites you.
* * * LOW HITPOINT WARNING * * *
You miss the jackal. Your grab misses the jackal. You squeeze the jackal.
The jackal is severely wounded.
The jackal bites you.
* * * LOW HITPOINT WARNING * * *
The jackal closely misses you.
You hit the jackal.
You feel a bit better.
You kill the jackal!
You closely miss the giant cockroach. You grab the giant cockroach.
You howl as the wereblood boils in your veins!
Your primal bloodlust has ended.
You constrict the giant cockroach, but do no damage.
The giant cockroach bites you.
* * * LOW HITPOINT WARNING * * *
The giant cockroach bites you.
* * * LOW HITPOINT WARNING * * *
You hit the giant cockroach.
You kill the giant cockroach!
You barely miss the endoplasm. The endoplasm barely misses you.
You hit the endoplasm.
The endoplasm is heavily wounded.
The endoplasm hits you.
You die...

#.#########.# #.###..#....#
#...........####..##..#....#
#.##..........).......###...
#.##.###############.[# #..#
#.##.#.............#..###..#
#.##.#.............#...##...
#.##.#.....rJ..... #........
#.##.#######J#######........
#.##.#.....@†......#........
#....'⌠....###....⌠+..##....
#....#......<......#..###...
#....#..⌠...>...⌠..#..# ##>#
#....###'#######+###..# #.#
###...................####.#
#.####.....####.###.##....
#.......##.# #.....####.#
#.########.# #####......#


You could see 2 endoplasms and a rat.

Vanquished Creatures
  A jelly (D:1)
  2 bats (D:1)
  3 endoplasms (D:1)
  6 giant cockroaches (D:1)
  2 hobgoblins (D:1)
  5 jackals (D:1)
  3 ball pythons (D:1)
  2 kobolds (D:1)
  3 rats (D:1)
27 creatures vanquished.

Notes
Turn   | Place    | Note
-------+----------+-------------------------------------------
     0 | D:1      | voltaire321 the Octopode Transmuter began the quest for the
                  | Orb.
     0 | D:1      | Reached XP level 1. HP: 13/13 MP: 3/3
     1 | D:1      | Found a runed translucent door.
     4 | D:1      | Noticed a jelly
   105 | D:1      | Reached XP level 2. HP: 18/18 MP: 5/5
   588 | D:1      | Learned a level 2 spell: Wereblood
   602 | D:1      | Reached XP level 3. HP: 23/23 MP: 3/6
   609 | D:1      | Reached XP level 4. HP: 5/29 MP: 4/7
   611 | D:1      | HP: 1/29 [jackal (3)]
   616 | D:1      | Slain by an endoplasm

Illustrated notes

Levels and vault maps discovered:
D:1:      dpeg_arrival_caged_fury, layout_basic

Action                     |  1- 3 |  4- 6 || total
---------------------------+-------+-------++-------
  Melee: Flail             |    49 |     8 ||    57
         Constrict         |    12 |     1 ||    13
         Tentacles         |     7 |     2 ||     9
         Punch             |     2 |       ||     2
         Kick              |     4 |       ||     4
   Cast: Beastly Appendage |     2 |       ||     2
         Wereblood         |     1 |       ||     1
   Stab: Sleeping          |     1 |       ||     1
 Armour: Skin              |    11 |       ||    11
  Dodge: Dodged            |    52 |     5 ||    57

Table legend: (Time is in decaauts)
 A = Elapsed time spent in this place.
 B = Non-inter-level travel time spent in this place.
 C = Inter-level travel time spent in this place.
 D = Time resting spent in this place.
 E = Time spent auto-exploring this place.
 F = Levels seen in this place.
 G = Mean time per level.
                   A        B        C        D        E       F      G
               +--------+--------+--------+--------+--------+-----+--------+
         Total |    636 |    636 |      0 |      0 |    425 |   1 |  636.0 |
       Dungeon |    636 |    636 |      0 |      0 |    425 |   1 |  636.0 |
               +--------+--------+--------+--------+--------+-----+--------+

Top non-repeatable levels by time:
     D:1: 636 daAuts
